AoeStats
← Panny-kun

Four Lakes

509856503Analyzed
1v1 RM · 5d ago on Sep 28, 2026· 21m 19s· 2 players
Game mode
Random Map
Map size
Tiny (2 player)
Population
200
Speed
Normal
Resources
Standard
Victory
Conquest
Starting age
Dark Age
Ending age
Imperial Age
RankedLock teamsTeams togetherTeam positionsShared explorationLock speedFull tech treeHidden civsTurbo modeCheats
Victory
Defeat
🇵🇭 Japanese · Philippines
1261
+15
🇵🇱 Japanese · Poland
1241
-15
Pomazaki
8:18 Loom
10:32 Feudal Age
15:17 Castle Age
13:15 Double-Bit Axe
13:24 Fishing Lines
13:54 Fletching
20:22 Wheelbarrow
19:54 Squires
20:31 Bow Saw
20:13 Gillnets
20:22 Pikeman
20:53 Arson
Panny-kun
6:34 Loom
9:49 Feudal Age
9:51 Man-at-Arms
10:44 Arson
15:29 Forging
16:26 Scale Mail Armor
19:01 Fletching
23:14 Castle Age
Connection lost

Rejoining the realm…

Still unreachable

The connection could not be restored.

Session expired

The server has moved on; the page needs a fresh start.